 Dungeon Sprint DCSS version 0.21-a0-91-ga5031da (webtiles) character file.

79 Kidiri the Insei (level 4, -5/34 HPs)
             Began as a Demonspawn Transmuter on June 28, 2017.
             Was an Initiate of Wu Jian.
             Killed from afar by an oklob sapling priest (9 damage)
             ... with a splash of acid
             ... in the Dungeon (Sprint IV: "Fedhas' Mad Dash").
             The game lasted 00:02:54 (881 turns).

Kidiri the Insei (Demonspawn Transmuter)             Turns: 881, Time: 00:02:55

Health: -5/34      AC:  2    Str: 11    XL:     4   Next: 16%
Magic:  8/8        EV: 28    Int: 14    God:    Wu Jian [......]
Gold:   61         SH:  0    Dex: 24    Spells: 2/8 levels left

rFire    . . .     SeeInvis .     - Unarmed
rCold    . . .     Gourm    .   (shield currently unavailable)
rNeg     . . .     Faith    .   (armour currently unavailable)
rPois    x         Spirit   .   (helmet currently unavailable)
rElec    .         Reflect  .   (cloak currently unavailable)
rCorr    .         Harm     .   (gloves currently unavailable)
MR       .....     NoTele   +   (boots currently unavailable)
Stlth    ++++......             l - amulet of invisibility {+Inv}
HPRegen  0.11/turn              (no ring)
MPRegen  0.11/turn              (no ring)

@: agile, spider-form (expiring), very slightly contaminated
A: powered by pain 1
a: End Transformation, Renounce Religion, Evoke Invisibility


You were in the Dungeon.
You worshipped Wu Jian.
Wu Jian was noncommittal.
You were very hungry.
You were a venomous arachnid creature.
You visited 1 branch You collected 61 gold pieces.

Inventory:

Missiles
 a - 10 arrows
Armour
 b - a +0 robe (melded)
Jewellery
 l - the amulet of invisibility (around neck) {+Inv}
   (You found it in the Dungeon)

   [amulet of nothing]

   It lets you turn invisible.
Scrolls
 j - a scroll of blinking
Potions
 e - a potion of curing
 f - a potion of heal wounds
 g - a potion of haste
 h - 2 potions of magic
 i - a potion of berserk rage
 k - a potion of flight {unknown}
Books
 c - a book of Changes

   Spells                             Type                      Level
   a - Beastly Appendage              Transmutation                1
   b - Sticks to Snakes               Transmutation                2
   c - Spider Form                    Transmutation/Poison         3
   d - Ice Form                       Ice/Transmutation            4
   e - Blade Hands                    Transmutation                5
Comestibles
 d - a bread ration


   Skills:
 + Level 2.5 Fighting
 + Level 2.0 Armour
 * Level 3.7 Dodging
 * Level 3.4 Stealth
 * Level 4.1 Unarmed Combat
 + Level 2.9 Spellcasting
 + Level 2.8 Transmutations
 + Level 1.1 Poison Magic


You had 2 spell levels left.
You knew the following spells:

 Your Spells              Type           Power        Failure   Level  Hunger
a - Beastly Appendage     Tmut           ##....       19%         1    #......
b - Sticks to Snakes      Tmut           ##......     24%         2    ##.....
c - Spider Form           Tmut/Pois      #.........   50%         3    ###....


Dungeon Overview and Level Annotations

Branches:
Dungeon (1/1)

Altars:
Cheibriados
Dithmenos
Elyvilon
Gozag
Hepliaklqana
Kikubaaqudgha
Makhleb
Nemelex Xobeh
Okawaru
Qazlal
Ru
Sif Muna
Trog
Uskayaw
Vehumet
Wu Jian
Xom
Yredelemnul
Zin
The Shining One
Beogh
Jiyva
Lugonu

Annotations:
D exclusion: oklob sapling


Innate Abilities, Weirdness & Mutations

You sometimes gain a little power by taking damage.


Message History

You turn into a venomous arachnid creature.
Your +0 robe melds into your body.
You are feeling very hungry.
The oklob sapling priest casts a cantrip, but nothing happens.
You hit the oklob sapling priest.
The oklob sapling priest is poisoned.
The oklob sapling priest is lightly damaged.
The oklob sapling priest spits acid at you.
The splash of acid hits you!
You focus on the pain.
You feel your power returning.
You are splashed with acid!
The acid burns!
* * * LOW HITPOINT WARNING * * *
You bite the oklob sapling priest!
The oklob sapling priest is heavily damaged.
You hit the oklob sapling priest.
The oklob sapling priest is almost destroyed.
You hit the oklob sapling priest but do no damage.
The oklob sapling priest is almost destroyed.
Your transformation is almost over.
The oklob sapling priest spits acid at you.
The splash of acid hits you!
You die...

########################
....#.....#.⌠._._._._.⌠.
....'.#(..'.._._._._._..
....#.#...#..._.sP_._...
########+##.._._._._._..
+...#._._._._._.⌠.
#...############## #####


You could see an oklob sapling priest.

Vanquished Creatures
  2 oklob saplings (D)
  A river rat (D)
  A rat (D)
4 creatures vanquished.

Vanquished Creatures (collateral kills)
  A worker ant (D)
1 creature vanquished.

Grand Total: 5 creatures vanquished

Notes
Turn   | Place    | Note
-------+----------+-------------------------------------------
     0 | D        | Kidiri the Demonspawn Transmuter began the quest for the Orb.
     0 | D        | Reached XP level 1. HP: 15/15 MP: 3/3
    14 | D        | Reached skill level 1 in Stealth
    14 | D        | Reached skill level 3 in Unarmed Combat
    14 | D        | Gained mutation: You sometimes gain a little power by taking damage. [demonic ancestry]
    14 | D        | Reached XP level 2. HP: 3/21 MP: 5/5
    25 | D        | Learned a level 2 spell: Sticks to Snakes
   268 | D        | Noticed an oklob sapling
   273 | D        | Killed an oklob sapling
   273 | D        | Reached skill level 1 in Armour
   273 | D        | Reached XP level 3. HP: 27/27 MP: 0/6
   278 | D        | Learned a level 3 spell: Spider Form
   590 | D        | Noticed an oklob sapling
   609 | D        | Killed an oklob sapling
   609 | D        | Reached skill level 4 in Unarmed Combat
   609 | D        | Reached skill level 1 in Poison Magic
   609 | D        | Reached XP level 4. HP: 7/34 MP: 5/8
   858 | D        | Found an opulent altar of Gozag.
   858 | D        | Found a hazy altar of Hepliaklqana.
   858 | D        | Found a burning altar of Makhleb.
   858 | D        | Found a roughly hewn altar of Beogh.
   858 | D        | Found a sparkling altar of Nemelex Xobeh.
   858 | D        | Found a snail-covered altar of Cheibriados.
   858 | D        | Found a sacrificial altar of Ru.
   858 | D        | Found a deep blue altar of Sif Muna.
   858 | D        | Found a shimmering altar of Xom.
   858 | D        | Found a basalt altar of Yredelemnul.
   859 | D        | Found a viscous altar of Jiyva.
   859 | D        | Found a bloodstained altar of Trog.
   859 | D        | Found an ornate altar of the Wu Jian Council.
   860 | D        | Found an iron altar of Okawaru.
   860 | D        | Found a shadowy altar of Dithmenos.
   860 | D        | Found a glowing silver altar of Zin.
   861 | D        | Found an ancient bone altar of Kikubaaqudgha.
   861 | D        | Found a hide-covered altar of Uskayaw.
   862 | D        | Found a stormy altar of Qazlal.
   862 | D        | Found a white marble altar of Elyvilon.
   862 | D        | Found a glowing golden altar of the Shining One.
   866 | D        | Became a worshipper of the Wu Jian Council
   868 | D        | Found a radiant altar of Vehumet.
   868 | D        | Found a corrupted altar of Lugonu.
   881 | D        | Killed from afar by an oklob sapling priest

Vault maps used:
D:        dungeon_sprint_fedhas

Skill      XL: |  1  2  3 |
---------------+----------+-----
Dodging        | 2 3 |  3.7
Stealth        | 1 2 3 |  3.4
Unarmed Combat | 3 4 |  4.1
Transmutations | 2 |  2.8
Fighting       | 2 |  2.5
Armour         | 1 2 |  2.0
Poison Magic   | 1 |  1.1
Spellcasting   | |  2.9

Action                   |  1- 3 |  4- 6 || total
-------------------------+-------+-------++-------
Melee: Unarmed           |    30 |    10 ||    40
       Headbutt          |     4 |       ||     4
       Kick              |     4 |       ||     4
       Punch             |     1 |       ||     1
 Cast: Beastly Appendage |     4 |     1 ||     5
       Sticks to Snakes  |     2 |       ||     2
       Spider Form       |       |     2 ||     2
 Abil: Evoke Invisibilit |     1 |     1 ||     2
 Stab: Invisible         |     3 |     1 ||     4
       Sleeping          |     1 |       ||     1
Dodge: Dodged            |    11 |       ||    11
